 Dungeon Crawl Stone Soup version 0.29-a0-283-ga02f740833 (webtiles) character file.

Game seed: 2525250629691913087

1707 drugrobin the Cleaver (level 8, 0/63 HPs)
             Began as a Demigod Fighter on Mar 13, 2022.
             Slain by a hornet (8 damage)
             ... on level 5 of the Dungeon.
             The game lasted 00:16:07 (5598 turns).

drugrobin the Cleaver (Demigod Fighter)             Turns: 5598, Time: 00:16:07

Health: 0/63       AC: 13    Str: 25    XL:     8   Next: 45%
Magic:  10/10      EV:  6    Int: 10    God:
Gold:   595        SH:  4    Dex: 13    Spells: 7/7 levels left

rFire   . . .      SeeInvis .   a - +0 war axe
rCold   . . .      Faith    .   c - +0 buckler
rNeg    . . .      Spirit   .   m - +0 plate armour
rPois   .          Reflect  .   n - +0 helmet
rElec   .          Harm     .   g - +0 cloak
rCorr   .          Rampage  .   (no gloves)
Will    .....                   (no boots)
Stlth   ..........              s - amulet of the acrobat
HPRegen 0.20/turn               (no ring)
MPRegen 0.12/turn               (no ring)

@: brilliant, lethally poisoned (0 -> -3), slowed, very slow
A: high MP 1, forlorn, divine attributes
a: no special abilities


You were on level 5 of the Dungeon.
You visited 1 branch of the dungeon, and saw 5 of its levels.
You also visited: Sewer and Ossuary.

You collected 595 gold pieces.

Inventory:

Hand Weapons
 a - a +0 war axe (weapon)
 b - a +2 flail of draining
Missiles
 j - 11 boomerangs (quivered)
 y - 3 poisoned darts
Armour
 c - a +0 buckler (worn)
 g - a +0 cloak (worn)
 m - a +0 plate armour (worn)
 n - a +0 helmet (worn)
 C - an orb of mayhem
 D - a +0 troll leather armour
Magical Staves
 u - a staff of air
Jewellery
 s - an amulet of the acrobat (around neck)
Wands
 F - a wand of acid (6)
Scrolls
 e - 5 scrolls of identify {unknown}
 i - a scroll of amnesia {unknown}
 k - 2 scrolls of summoning {unknown}
 l - 3 scrolls of holy word {unknown}
 o - 2 scrolls of immolation {unknown}
 r - a scroll of teleportation {unknown}
 v - 2 scrolls of enchant weapon {unknown}
 w - a scroll of fear {unknown}
 x - a scroll of torment {unknown}
 z - a scroll of noise {unknown}
 G - a scroll of acquirement {unknown}
 I - a scroll of vulnerability {unknown}
Potions
 d - 2 potions of might
 f - 2 potions of degeneration {unknown}
 h - 2 potions of berserk rage {unknown}
 p - 2 potions of flight {unknown}
 q - 2 potions of lignification {unknown}
 t - 2 potions of attraction {unknown}
 A - 5 potions of brilliance
 B - 5 potions of curing {unknown}
 E - 2 potions of mutation {unknown}
 H - a potion of cancellation {unknown}


   Skills:
 + Level 3.1 Fighting
 + Level 10.3 Axes
 - Level 2.6 Armour
 - Level 2.6 Shields


You had 7 spell levels left.
You didn't know any spells.
Your spell library contained the following spells:

 Spells                   Type           Power      Damage    Failure   Level
 Corpse Rot               Necr/Air       0%         N/A       100%        2
 Poisonous Vapours        Pois/Air       0%         N/A       100%        2
 Alistair's Intoxication  Tmut/Pois      0%         N/A       100%        5
 Borgnjor's Vile Clutch   Necr/Erth      0%         N/A       100%        5
 Eringya's Noxious Bog    Tmut/Pois      0%         N/A       100%        6
 Malign Gateway           Summ/Tloc      0%         N/A       100%        7
 Summon Horrible Things   Summ           0%         N/A       100%        8


Dungeon Overview and Level Annotations

Branches:
Dungeon (5/15)              Sewer (visited)         Ossuary (visited)
 Temple: D:4-7

Shops:
D:1 [


Innate Abilities, Weirdness & Mutations

You have an increased reservoir of magic. (+10% MP)
You shall have no god before yourself.
Your divine heritage dramatically boosts your attributes as you level up.


Message History

Unknown command.
You closely miss the hornet.
The hornet is heavily wounded.
You feel yourself speed up.
You feel very sick. You block the hornet's attack. The hornet stings you!
You shrug off the repeated paralysis!
Unknown command.
Unknown command.
Unknown command.
You closely miss the hornet.
The hornet is severely wounded.
You feel sick. The hornet closely misses you.
Unknown command.
Unknown command.
Unknown command.
You miss the hornet.
The hornet is severely wounded.
You feel sick. The hornet stings you.
* * * LOW HITPOINT WARNING * * *
You feel yourself slow down. The hornet stings you.
* * * LOW HITPOINT WARNING * * *
You feel as though you will be slow longer.
Unknown command.
Unknown command.
Unknown command.
Unknown command.
You hit the hornet but do no damage.
The hornet is severely wounded.
You feel sick.
The hornet looks more healthy.
You block the hornet's attack. The hornet closely misses you.
Unknown command.
Unknown command.
Unknown command.
Unknown command.
Unknown command.
It was a potion of brilliance.
You feel clever all of a sudden.
You feel sick. The hornet barely misses you. The hornet stings you!
You die...

..†#.#.#.#.#.#...........#...####
............<...(..........#.#
...#.#.#.#.#.#.......#.#####.####
...........)...........###.).....
...#.#.#$#.#.#..............#..#.
......[.$.....#.(.......#..#....)
...#.#.#.#.#.###.#...............
................y###.#.........#.
...#.#.#.#.#.#..@###.##.....#..#.
.........#######..##.###.........
.........# ##.##.###.....##..
.........# #..........#.##..
.........# ####.###...#.....
..)......# ### ##.<.####.
....)....# ##.## #. ...<†....#
### #. ....[....# ##


You could see a hornet.

Vanquished Creatures
  A troll (D:4)
  A wyvern (D:4)
  2 ice beasts (D:5)
  A sky beast (D:5)
  A black bear (D:4)
  An ogre (D:5)
  A necrophage (D:5)
  4 scorpions (D:5)
  A howler monkey (D:5)
  2 jellies
  3 iguanas
  2 orc wizards
  A hell rat (Sewer)
  8 mummies (Ossuary)
  Robin (D:2)
  7 gnolls
  3 adders (D:4)
  5 river rats
  A white imp (D:5)
  4 worms
  2 dart slugs
  9 orcs
  8 ball pythons
  7 bats
  4 endoplasms
  4 giant cockroaches
  A gnoll zombie (Ossuary)
  12 goblins
  7 hobgoblins
  3 jackals (D:2)
  2 quokkas
  5 frilled lizards
  4 hobgoblin zombies (Ossuary)
  8 kobolds
  2 kobold zombies (Ossuary)
  An orc zombie (Ossuary)
  10 rats
139 creatures vanquished.

Vanquished Creatures (others)
  2 orcs (D:5)
  A fungus (D:2)
  35 plants (D:1)
38 creatures vanquished.

Grand Total: 177 creatures vanquished

Notes
Turn   | Place    | Note
-------+----------+-------------------------------------------
     0 | D:1      | drugrobin the Demigod Fighter began the quest for the Orb.
     0 | D:1      | Reached XP level 1. HP: 18/18 MP: 3/3
    37 | D:1      | Reached skill level 2 in Axes
   203 | D:1      | Reached XP level 2. HP: 18/25 MP: 4/4
   433 | D:1      | Reached skill level 3 in Axes
   439 | D:1      | Found Azaik's Antique Armour Shop.
  1103 | D:2      | Reached XP level 3. HP: 26/26 MP: 5/5
  1163 | D:2      | Noticed Robin
  1176 | D:2      | Killed Robin
  1643 | D:2      | Reached skill level 4 in Axes
  2558 | D:3      | Reached XP level 4. HP: 17/37 MP: 6/6
  3406 | D:4      | Noticed a black bear
  3450 | D:4      | Killed a black bear
  3451 | D:4      | Reached skill level 5 in Axes
  3451 | D:4      | Reached XP level 5. HP: 24/42 MP: 7/7
  3553 | D:4      | Found a glowing drain.
  3570 | Sewer    | Entered a sewer
  3729 | D:4      | Reached skill level 6 in Axes
  3737 | D:4      | Noticed a wyvern
  4000 | D:4      | Reached XP level 6. HP: 27/50 MP: 8/8
  4348 | D:4      | Killed a wyvern
  4349 | D:4      | Reached skill level 7 in Axes
  4619 | D:5      | Entered Level 5 of the Dungeon
  4619 | D:5      | Noticed a troll
  4631 | D:4      | Killed a troll
  4632 | D:4      | Reached XP level 7. HP: 32/56 MP: 9/9
  4769 | D:5      | Reached skill level 8 in Axes
  4846 | D:5      | Reached skill level 9 in Axes
  4891 | D:5      | Reached XP level 8. HP: 25/62 MP: 10/10
  5052 | D:5      | Reached skill level 10 in Axes
  5147 | D:5      | Found a sand-covered staircase.
  5156 | Ossuary  | Entered an ossuary
  5586 | D:5      | Noticed a hornet
  5590 | D:5      | Paralysed by a hornet for 2 turns
  5598 | D:5      | Slain by a hornet

Illustrated notes

Levels and vault maps discovered:
D:1:      roderic_crop_circles_arrival_large, layout_loops_ring, serial_shops,
          shop, moated_statue, minmay_misc_feat_x, minmay_pentomino_x2
D:2:      layout_basic, dreamdust_ecumenical_altar_hidden_monk_grotto,
          basic_altar, st_stairs_14, uniq_robin
D:3:      layout_loops_corners
D:4:      layout_basic, nicolae_qazlal_scattered_showers, portal_sewer_entry_a
D:5:      layout_rooms, temple_hall, nicolae_ossuary_entry_ruins, st_stairs_10

Skill      XL: |  1  2  3  4  5  6  7  8 |
---------------+-------------------------+-----
Axes           | 2 3 4 5 6 7 9 10 | 10.3
Fighting       | 3 |  3.1
Armour         | |  2.6
Shields        | |  2.6

Action                   |  1- 3 |  4- 6 |  7- 9 || total
-------------------------+-------+-------+-------++-------
Melee: War axe           |   154 |    96 |    43 ||   293
       Flail             |       |    24 |    89 ||   113
Throw: Boomerang         |       |    22 |    10 ||    32
       Dart              |       |     4 |     8 ||    12
  Use: Potion            |       |       |     1 ||     1
Armor: Scale mail        |    28 |       |       ||    28
       Plate armour      |    70 |    84 |     4 ||   158
       Troll leather arm |       |       |    26 ||    26
Dodge: Dodged            |    63 |    43 |    61 ||   167
Block: Buckler           |    34 |    26 |    25 ||    85

Table legend: (Time is in decaauts)
 A = Elapsed time spent in this place.
 B = Non-inter-level travel time spent in this place.
 C = Inter-level travel time spent in this place.
 D = Time resting spent in this place.
 E = Time spent auto-exploring this place.
 F = Levels seen in this place.
 G = Mean time per level.
                   A        B        C        D        E       F      G
               +--------+--------+--------+--------+--------+-----+--------+
         Total |   5723 |   5512 |    211 |    779 |   2846 |   7 |  817.6 |
       Dungeon |   5179 |   4968 |    211 |    728 |   2649 |   5 | 1035.8 |
         Sewer |    164 |    164 |      0 |      0 |     73 |   1 |  164.0 |
       Ossuary |    379 |    379 |      0 |     51 |    123 |   1 |  379.0 |
               +--------+--------+--------+--------+--------+-----+--------+

Top non-repeatable levels by time:
     D:4: 1544 daAuts
     D:3: 1110 daAuts
     D:1: 1048 daAuts
     D:2: 1040 daAuts
     D:5: 435 daAuts
 Ossuary: 379 daAuts
   Sewer: 164 daAuts
